 Dungeon Crawl Stone Soup version 0.32-a0-33-g74fbe469d6 (webtiles) character file.

Game seed: 9512443874064681350

388 Getoffmy the Chopper (level 6, -4/40 HPs)
             Began as a Gargoyle Monk on Jan 21, 2024.
             Slain by Duvessa
             ... wielding a +3 short sword of flaming
              (5 damage)
             ... on level 4 of the Dungeon.
             The game lasted 00:07:19 (3607 turns).

Getoffmy the Chopper (Gargoyle Monk)                Turns: 3607, Time: 00:07:19

Health: -4/40      AC: 11    Str: 17    XL:     6   Next: 79%
Magic:  6/6        EV: 10    Int: 10    God:
Gold:   95         SH:  0    Dex: 12    Spells: 5/5 levels left

rFire   . . .        a - +0 hand axe
rCold   . . .        (no shield)
rNeg    + . .        q - +0 scale mail
rPois   ∞            (no helmet)
rElec   +            (no cloak)
rCorr   .            (no gloves)
SInv    .            (no boots)
Will    .....        (no amulet) Stlth
                     (no ring)
HPRegen 0.26/turn    (no ring)
MPRegen 0.10/turn

%: no passive effects
@: invisible
A: sickness immunity, AC +4, negative energy resistance 1, electricity
resistance, torment resistance 1, petrification resistance
a: no special abilities


You were on level 4 of the Dungeon.
You visited 1 branch of the dungeon, and saw 4 of its levels.
You also visited: Sewer.

You collected 95 gold pieces.

Inventory:

Hand Weapons
 a - a +0 hand axe (weapon)
Missiles
 e - 6 javelins (quivered)
 k - 5 atropa-tipped darts
 l - 3 datura-tipped darts
 r - 3 poisoned darts
 t - 6 boomerangs
 u - 11 stones
Armour
 d - an orb of light
 q - a +0 scale mail (worn)
Jewellery
 b - a +6 ring of strength
 h - a +4 ring of protection
 p - a ring of wizardry
 s - an amulet of guardian spirit
Scrolls
 f - a scroll of noise {unknown}
 i - 3 scrolls of teleportation
 v - a scroll of enchant weapon {unknown}
 w - 3 scrolls of enchant armour
 x - 2 scrolls of fear {unknown}
 y - 2 scrolls of fog {unknown}
Potions
 c - a potion of ambrosia
 j - a potion of haste {unknown}
 m - a potion of magic {unknown}
 n - a potion of might {unknown}
 o - 3 potions of curing
 z - a potion of invisibility


   Skills:
 + Level 4.9 Fighting
 * Level 5.1 Axes
 + Level 3.3 Armour
 - Level 2.4 Dodging


You had 5 spell levels left.
You didn't know any spells.
Your spell library contained the following spells:

 Spells                   Type           Power      Damage    Failure   Level
 Scorch                   Fire           0%         2d5       88%         2
 Tukima's Dance           Hex            0%         N/A       98%         3
 Dimensional Bullseye     Hex/Tloc       0%         N/A       100%        4
 Flame Wave               Conj/Fire      0%         2d4       100%        4
 Iskenderun's Mystic Bla  Conj/Tloc      0%         2d3       100%        4
 Summon Cactus Giant      Summ           0%         N/A       100%        6


Dungeon Overview and Level Annotations

Branches:
Dungeon (4/15)              Sewer (visited)
 Temple: D:4-7

Altars:
Kikubaaqudgha
Xom

Annotations:
D:3 2 transporters, Splishie's ghost, amateur GnSh
D:4 Duvessa


Innate Abilities, Weirdness & Mutations

You are immune to sickness and miasma.
Your stone body is resilient. (AC +4)
You are immune to poison.
You resist negative energy. (rN+)
You are resistant to electric shocks. (rElec)
You are resistant to unholy torment.
You are immune to petrification.


Message History

Duvessa is moderately wounded.
Duvessa hits you but does no damage.
You hit Duvessa but do no damage.
Duvessa is moderately wounded.
Duvessa hits you but does no damage.
You hit Duvessa but do no damage.
Duvessa is moderately wounded.
Duvessa hits you but does no damage.
You barely miss Duvessa.
Duvessa is moderately wounded.
Duvessa closely misses you.
You catch the helpless Duvessa completely off-guard!
You hit Duvessa but do no damage. You punch Duvessa, but do no damage.
Duvessa is moderately wounded.
You barely miss Duvessa. Your punch misses Duvessa.
Duvessa is moderately wounded.
Duvessa hits you with a +3 short sword of flaming.
Duvessa burns you.
You barely miss Duvessa.
Duvessa is moderately wounded.
Duvessa hits you with a +3 short sword of flaming.
* * * LOW HITPOINT WARNING * * *
Duvessa burns you.
* * * LOW HITPOINT WARNING * * *
You hit Duvessa.
Duvessa is moderately wounded.
Duvessa barely misses you.
You slash Duvessa!
Duvessa is heavily wounded.
Duvessa barely misses you.
You slash Duvessa!
Duvessa is severely wounded.
Duvessa says, "When magic and the sword combine, nothing stands against them."
Duvessa closely misses you.
You closely miss Duvessa.
Duvessa is severely wounded.
Duvessa hits you with a +3 short sword of flaming!
* * * LOW HITPOINT WARNING * * *
Duvessa burns you.
You die...

############
#>.........##
#.........####.#
##....e@#......#
#[.....##.#####
######+##.#######.#
#.........# #..
#.<.......+ .#.#
#......)..# . .#
#.........# .. .#
###.........# .e ..
............# ...
..


You could see Duvessa (unable to see you).

Vanquished Creatures
  2 bullfrogs (Sewer)
  2 orc priests (D:3)
  7 adders
  4 river rats
  3 ribbon worms
  2 dart slugs (D:3)
  7 orcs (D:3)
  5 endoplasms
  3 giant cockroaches
  6 goblins
  A hobgoblin (D:1)
  5 jackals
  3 quokkas
  11 ball pythons
  5 bats
  7 frilled lizards
  6 kobolds
  20 rats
99 creatures vanquished.

Notes
Turn   | Place    | Note
-------+----------+-------------------------------------------
     0 | D:1      | Getoffmy the Gargoyle Monk began the quest for the Orb.
     0 | D:1      | Reached XP level 1. HP: 14/14 MP: 1/1
    49 | D:1      | You fall into a shaft and drop 1 floor!
   228 | D:1      | Reached XP level 2. HP: 16/19 MP: 2/2
   250 | D:1      | Reached skill level 3 in Axes
   975 | D:2      | Found an ancient bone altar of Kikubaaqudgha.
  1056 | D:2      | Found a faded altar of an unknown god.
  1070 | D:2      | Reached skill level 1 in Armour
  1183 | D:2      | Reached XP level 3. HP: 23/24 MP: 3/3
  1546 | D:3      | Reached XP level 4. HP: 27/29 MP: 4/4
  1900 | D:3      | Reached skill level 4 in Axes
  1900 | D:3      | Reached XP level 5. HP: 28/33 MP: 5/5
  2143 | D:3      | Found a transporter.
  2146 | D:3      | Noticed Splishie's ghost (amateur GnSh)
  2151 | D:3      | Found a transporter.
  2534 | D:3      | Identified the +1 robe of Qazlal, Slashing {rElec Str-4
                  | SInv}
  2987 | D:4      | Found a glowing drain.
  2991 | Sewer    | Entered a sewer
  3184 | Sewer    | Reached XP level 6. HP: 26/39 MP: 6/6
  3348 | Sewer    | Reached skill level 5 in Axes
  3506 | D:4      | Found a shimmering altar of Xom.
  3572 | D:4      | Noticed Duvessa
  3607 | D:4      | HP: 1/40 [Duvessa/+3 short sword of flaming (10)]
  3607 | D:4      | Slain by Duvessa

Illustrated notes

Levels and vault maps discovered:
D:1:      roadster_arrival_rocket_large, layout_loops_ring
D:2:      layout_basic, ebering_ecumenical_altar_box, basic_altar
D:3:      layout_basic, gammafunk_ghost_mausoleum
D:4:      layout_basic, nicolae_ru_great_annihilating_truth,
          grunt_temple_overflow_open, mainiacjoe_overflow_cross_hatched,
          minmay_temple_entry_trees, gup_sewer_entry_spiral, uniq_grinder,
          uniq_duvessa

Skill      XL: |  1  2  3  4  5  6 |
---------------+-------------------+-----
Axes           | 3 4 5 |  5.1
Armour         | 1 2 3 |  3.3
Fighting       | 4 |  4.9
Dodging        | |  2.4

Action                     |  1- 3 |  4- 6 || total
---------------------------+-------+-------++-------
  Melee: Hand axe          |   107 |   203 ||   310
         Punch             |       |     1 ||     1
    Use: Potion            |     1 |     3 ||     4
         Scroll            |       |     6 ||     6
   Stab: Invisible         |       |     1 ||     1
 Armour: Robe              |    64 |    30 ||    94
         Scale mail        |       |   148 ||   148
  Dodge: Dodged            |    73 |   143 ||   216

Table legend: (Time is in decaauts)
 A = Elapsed time spent in this place.
 B = Non-inter-level travel time spent in this place.
 C = Inter-level travel time spent in this place.
 D = Time resting spent in this place.
 E = Time spent auto-exploring this place.
 F = Levels seen in this place.
 G = Mean time per level.
                   A        B        C        D        E       F      G
               +--------+--------+--------+--------+--------+-----+--------+
         Total |   3719 |   3560 |    159 |    368 |   2329 |   5 |  743.8 |
       Dungeon |   3219 |   3060 |    159 |    193 |   2137 |   4 |  804.8 |
         Sewer |    500 |    500 |      0 |    175 |    191 |   1 |  500.0 |
               +--------+--------+--------+--------+--------+-----+--------+

Top non-repeatable levels by time:
     D:3: 1197 daAuts
     D:1: 893 daAuts
     D:2: 820 daAuts
   Sewer: 500 daAuts
     D:4: 308 daAuts
